 Dungeon Crawl Stone Soup version bcrawl-1.27.6 (webtiles) character file.

Game seed: 17136670964346144868

381350 DogServant the Grappler (level 11, -5/107 HPs)
             Began as a Troll Martial Artist on Oct 7, 2020.
             Was a High Priest of Wu Jian.
             Slain by a 12-headed hydra (10 damage)
             ... on level 3 of the Lair of Beasts.
             The game lasted 00:22:19 (9907 turns).

DogServant the Grappler (Troll Martial Artist)      Turns: 9907, Time: 00:22:19

Health: -5/107     AC:  9    Str: 25    XL:     11   Next: 40%
Magic:  11/11      EV: 19    Int:  6    God:    Wu Jian [*****.]
Gold:   669        SH:  0    Dex: 15    Spells: 11/12 levels left

rFire    . . .     SeeInvis .     - Claws (31.1)
rCold    . . .     Gourm    +   (no shield)
rNeg     . . .     Faith    .   (armour unavailable)
rPois    .         Spirit   .   (helmet restricted)
rElec    .         Reflect  .   C - scarf {repulsion}
rCorr    .         Harm     .   (gloves unavailable)
MR       .....                  (boots unavailable)
Stlth    +.........             B - amulet of magic regeneration
HPRegen  0.67/turn              t - +4 ring of evasion
MPRegen  0.37/turn              l - +3 ring of strength

@: exhausted, glowing, lightly drained, repel missiles, heavenly storm
A: large, almost no armour, claws 3, fast metabolism 3, gourmand, regeneration
1, AC +9
a: Wall Jump, Serpent's Lash, Heavenly Storm, Renounce Religion


You were on level 3 of the Lair of Beasts.
You worshipped Wu Jian.
Wu Jian was extremely pleased with you.
You were completely stuffed.

You visited 2 branches of the dungeon, and saw 13 of its levels.

You collected 669 gold pieces.

Inventory:

Missiles
 w - 2 throwing nets {=f}
Armour
 o - a +1 cloak
 C - a scarf of repulsion (worn)
Jewellery
 c - an uncursed ring of poison resistance
 l - a +3 ring of strength (right claw)
 n - an uncursed ring of resist corrosion
 t - a +4 ring of evasion (left claw)
 x - the ring of Happiness {Ice rN+}
   (You found it on level 7 of the Dungeon)

   [ring of ice]

   It enhances your ice magic.
   It makes you vulnerable to fire.
   It protects you from cold.
   It protects you from negative energy.
 z - a +7 ring of dexterity
 B - an amulet of magic regeneration (around neck)
Wands
 v - a wand of paralysis (10)
 y - a wand of iceblast (5)
 D - a wand of scattershot (4)
Scrolls
 f - 5 scrolls of remove curse
 h - 4 scrolls of identify
 i - 3 scrolls of amnesia
 j - 2 scrolls of enchant weapon
 k - 3 scrolls of teleportation
 q - a scroll of summoning
 s - a scroll of blinking
 H - a scroll of brand weapon {unknown}
 I - a scroll of fog {unknown}
Potions
 a - a potion of agility
 b - a potion of flight
 d - 5 potions of heal wounds
 g - a potion of degeneration
 m - a potion of magic
 p - 3 potions of mutation
 r - a potion of lignification
 u - 2 potions of brilliance {unknown}
 A - 2 potions of curing {unknown}
 F - a potion of resistance
 G - a potion of might
Miscellaneous
 E - a phial of floods
Comestibles
 e - 20 rations {!d}
 J - 4 chunks of flesh


   Skills:
 - Level 6.4(6.0) Fighting
 + Level 9.3(8.9) Dodging
 - Level 0.4(0.1) Stealth
 + Level 11.5(11.1) Unarmed Combat
 - Level 1.0(0.6) Spellcasting
 - Level 7.0(6.6) Hexes


You had 11 spell levels left.
You knew the following spells:

 Your Spells              Type           Power        Failure   Level  Hunger
a - Confusing Touch       Hex            #.......     3%          1    None

Your spell library contained the following spells:

 Spells                   Type           Power        Failure   Level  Hunger
 Magic Dart               Conj           #...         43%         1    None
 Searing Ray              Conj           #.......     56%         2    ###....
 Fulminant Prism          Conj/Hex       #.........   75%         4    ######.
 Iskenderun's Mystic Bla  Conj           #.......     80%         3    #####..
 Irradiate                Conj/Tmut      #.........   100%        5    #######


Dungeon Overview and Level Annotations

Branches:
Dungeon (10/12)            Temple (0/1) D:7            Lair (3/6) D:9
 Spider (0/3) Lair:2          Orc (0/1) D:9
  Swamp: Lair:2-4    Shoals: Lair:2-4

Altars:
Ashenzari
Elyvilon
Gozag
Okawaru
Qazlal
Trog


Innate Abilities, Weirdness & Mutations

You cannot wear most types of armour.
Your thick skin is tough. (AC +9)
You are too large for most types of armour.
You have claws for hands.
Your metabolism is lightning-fast.
You like to eat raw meat.
Your natural rate of healing is unusually fast.


Message History

The ten-headed hydra is severely wounded.
The ten-headed hydra misses you. x2; The ten-headed hydra barely misses you. x2
The ten-headed hydra bites you! x2
The ten-headed hydra closely misses you.
The ten-headed hydra bites you but does no damage.
The ten-headed hydra bites you! The ten-headed hydra misses you.
You claw one of the ten-headed hydra's heads off!
The nine-headed hydra grows two more!
You claw the 11-headed hydra!
The 11-headed hydra is severely wounded.
You tear one of the 11-headed hydra's heads off!
The ten-headed hydra grows two more!
You mangle the 12-headed hydra!!
The 12-headed hydra is almost dead.
The 12-headed hydra bites you! x2
* * * LOW HITPOINT WARNING * * *
The 12-headed hydra bites you!
* * * LOW HITPOINT WARNING * * *
The 12-headed hydra bites you!
* * * LOW HITPOINT WARNING * * *
The 12-headed hydra bites you!
You die...

.... #....P ... ..#.
#..# ... ## # #...
#..#..#.# ..###...
###P..#......
........####.##..#......
...?.§§#§##§.##..#P.#..#
#....§§D§§§§............
..####@§§§☼#P.#........
###§#####......... ###
##........ ##........ #
#......... #. ##........
###.##........
.........####.#
....P.P..#.....


You could see a 12-headed hydra.

Vanquished Creatures
  4 cane toads
  A centaur skeleton (D:9)
  A komodo dragon (Lair:1)
  A jumping spider (Lair:2)
  A troll (D:9)
  A harpy skeleton (D:8)
  5 blink frogs (Lair:3)
  A raiju (shapeshifter) (D:9)
  2 hippogriffs
  Sigmund (D:3)
  17 yaks
  3 wargs (D:9)
  2 water moccasins
  A crocodile (Lair:1)
  4 orc warriors
  2 phantoms
  An eye of draining (D:9)
  2 ice beasts
  3 ogres
  2 centaurs
  10 bullfrogs
  3 big kobolds
  A scorpion (D:6)
  2 howler monkeys
  A bullfrog zombie (D:3)
  A centaur zombie (D:4)
  4 crimson imps
  5 orc priests
  5 hounds
  5 iguanas
  Ijyb (D:2)
  Natasha (thrice) (D:4 D:6)
  11 orc wizards
  5 worker ants
  2 worker ant zombies (D:5)
  11 adders
  2 river rats (D:3)
  A shadow imp (D:5)
  An ooze (D:6)
  3 adder skeletons
  4 worms
  A dart slug (D:1)
  8 leopard geckos
  53 orcs
  5 giant cockroaches
  14 goblins
  11 hobgoblins
  6 jackals
  15 kobolds
  4 quokkas
  5 ball pythons
  11 bats
  3 frilled lizards
  A jackal skeleton (D:6)
  A jackal zombie (D:7)
  12 rats
286 creatures vanquished.

Vanquished Creatures (others)
  A wizard (D:6)
1 creature vanquished.

Grand Total: 287 creatures vanquished

Notes
Turn   | Place    | Note
-------+----------+-------------------------------------------
     0 | D:1      | DogServant the Troll Martial Artist began the quest for the
                  | Orb.
     0 | D:1      | Reached XP level 1. HP: 22/22 MP: 1/1
   189 | D:1      | Reached XP level 2. HP: 23/29 MP: 2/2
   549 | D:1      | Reached XP level 3. HP: 35/36 MP: 3/3
   954 | D:2      | Reached ** piety under Wu Jian
  1266 | D:2      | Gained mutation: Your natural rate of healing is unusually
                  | fast. [Troll growth]
  1266 | D:2      | Reached XP level 4. HP: 43/44 MP: 4/4
  1483 | D:3      | Noticed a bullfrog
  1530 | D:3      | Reached skill level 5 in Unarmed Combat
  1639 | D:3      | Reached XP level 5. HP: 35/50 MP: 5/5
  1738 | D:2      | Noticed Ijyb
  1742 | D:2      | Reached *** piety under Wu Jian
  1921 | D:2      | Killed Ijyb
  2032 | D:3      | Noticed Sigmund
  2053 | D:3      | Reached XP level 6. HP: 14/59 MP: 6/6
  2119 | D:3      | Killed Sigmund
  2135 | D:3      | Reached skill level 6 in Unarmed Combat
  2145 | D:3      | Reached XP level 7. HP: 59/66 MP: 7/7
  2537 | D:3      | Reached **** piety under Wu Jian
  2744 | D:4      | Noticed Natasha
  2747 | D:4      | Killed Natasha
  2952 | D:4      | Reached skill level 5 in Hexes
  3421 | D:5      | Entered Level 5 of the Dungeon
  3428 | D:5      | Found an opulent altar of Gozag.
  3512 | D:5      | Reached XP level 8. HP: 74/74 MP: 8/8
  3708 | D:5      | Reached skill level 7 in Unarmed Combat
  3735 | D:5      | Found a white marble altar of Elyvilon.
  3744 | D:5      | Found an iron altar of Okawaru.
  3753 | D:5      | Found a stormy altar of Qazlal.
  3767 | D:5      | Found a shattered altar of Ashenzari.
  4177 | D:5      | Reached skill level 5 in Dodging
  4479 | D:6      | Noticed Natasha
  4490 | D:6      | Killed Natasha
  4524 | D:6      | Found a bloodstained altar of Trog.
  4525 | D:6      | Noticed a wizard
  4530 | D:6      | Killed a wizard
  4689 | D:6      | Noticed Natasha
  4690 | D:6      | Killed Natasha
  4759 | D:6      | Noticed a hippogriff
  4768 | D:6      | Killed a hippogriff
  4768 | D:6      | Reached skill level 8 in Unarmed Combat
  4846 | D:6      | Reached XP level 9. HP: 76/80 MP: 9/9
  4961 | D:6      | Reached ***** piety under Wu Jian
  5423 | D:7      | Found a staircase to the Ecumenical Temple.
  5598 | D:7      | Got a shimmering platinum ring
  6411 | D:8      | Reached skill level 9 in Unarmed Combat
  7146 | D:9      | Reached XP level 10. HP: 64/94 MP: 8/10
  7252 | D:9      | Found a staircase to the Lair.
  7269 | D:9      | Found a staircase to the Orcish Mines.
  7433 | D:9      | Reached skill level 5 in Fighting
  8007 | D:10     | Entered Level 10 of the Dungeon
  8109 | Lair:1   | Entered Level 1 of the Lair of Beasts
  8127 | Lair:1   | Reached skill level 10 in Unarmed Combat
  8251 | Lair:1   | Noticed a cane toad
  8257 | Lair:1   | Killed a cane toad
  8390 | Lair:1   | Identified the ring of Happiness {Ice rN+} (You found it on
                  | level 7 of the Dungeon)
  8471 | Lair:1   | Noticed a cane toad
  8476 | Lair:1   | Killed a cane toad
  8476 | Lair:1   | Reached XP level 11. HP: 107/107 MP: 11/11
  8913 | Lair:2   | Reached skill level 11 in Unarmed Combat
  9381 | Lair:2   | Found a hole to the Spider Nest.
  9899 | Lair:3   | Noticed a six-headed hydra
  9907 | Lair:3   | HP: 5/107 [12-headed hydra (11)]
  9907 | Lair:3   | Slain by a 12-headed hydra

Skill      XL: |  1  2  3  4  5  6  7  8  9 10 11 |
---------------+----------------------------------+-----
Hexes          | 2 3 4 5 7 |  7.0
Unarmed Combat | 5 6 8 9 10 11 | 11.5
Dodging        | 3 4 5 7 8 9 |  9.3
Fighting       | 4 6 |  6.4
Stealth        | |  0.4
Spellcasting   | |  1.0

Action                   |  1- 3 |  4- 6 |  7- 9 | 10-12 || total
-------------------------+-------+-------+-------+-------++-------
Melee: Unarmed           |    94 |   155 |   376 |   271 ||   896
       Punch             |     2 |     2 |    16 |    19 ||    39
 Cast: Confusing Touch   |       |     2 |     4 |     9 ||    15
Invok: Lunge             |    13 |     9 |    40 |    11 ||    73
       Whirlwind         |       |     5 |     6 |    46 ||    57
       Heavenly Storm    |       |       |       |     1 ||     1
 Abil: Wall Jump         |     1 |     7 |     5 |    11 ||    24
       Serpent's Lash    |       |       |     3 |     7 ||    10
  Use: Scroll            |       |     5 |       |    10 ||    15
       Potion            |       |     1 |       |       ||     1
 Stab: Distracted        |     1 |       |     1 |       ||     2
       Sleeping          |       |       |     6 |       ||     6
       Confused          |       |       |     4 |     2 ||     6
  Eat: Chunk             |    15 |     4 |    43 |    23 ||    85
Armor: Skin              |    18 |    30 |    76 |    47 ||   171
Dodge: Dodged            |    28 |    69 |   159 |   125 ||   381
